 Dungeon Crawl Stone Soup version 0.30-a0-459-g9104f0fc43 (webtiles) character file.

Game seed: 13558196672537538872

3262 p00ps00p the Cleaver (level 10, 0/83 (91) HPs)
             Began as a Hill Orc Fighter on Dec 15, 2022.
             Was an Initiate of Gozag.
             Slain by a wight
             ... wielding a +3 great sword
              (17 damage)
             ... on level 8 of the Dungeon.
             The game lasted 00:10:09 (6600 turns).

p00ps00p the Cleaver (Hill Orc Fighter)             Turns: 6600, Time: 00:10:11

HP:   0/83 (91)     AC: 19    Str: 28    XL:     10   Next: 0%
MP:   10/10         EV:  7    Int:  8    God:    Gozag
Gold: 812           SH:  7    Dex: 24    Spells: 9/9 levels left

rFire   + . .      SeeInvis +    a - +0 war axe (chaos)
rCold   . . .      Faith    .    c - +0 buckler
rNeg    . . .      Spirit   .    n - +0 plate armour
rPois   .          Reflect  .    g - +0 helmet
rElec   .          Harm     .    m - +0 cloak
rCorr   .          Rampage  .    (no gloves)
Will    .....                    e - +2 pair of boots
Stlth   ..........               w - amulet "Myuponoh" {RegenMP rC- Str+2 Dex+8 SInv}
HPRegen 0.33/turn                G - ring of the Serpent {+Blink rF+ rC+ Str+2}
MPRegen 0.52/turn                i - ring of Heklargh {+Blink Dex+6}

@: drained
A: no striking features
a: Renounce Religion, Evoke Blink, Potion Petition, Call Merchant, Bribe Branch


You were on level 8 of the Dungeon.
You worshipped Gozag.
Gozag was pleased with you.
You visited 1 branch of the dungeon, and saw 8 of its levels.

You collected 882 gold pieces.
You paid 70 gold pieces to Gozag.

Inventory:

Hand Weapons
 a - a +0 war axe of chaos (weapon)
 D - the +4 spear "Reovy" {elec, Fly rF++ Dex+3}
   (You found it on level 7 of the Dungeon)

   It occasionally discharges a powerful burst of electricity upon striking a
   foe.
   Dex:       It affects your dexterity (+3).
   rF:        It greatly protects you from fire.
   Fly:       It grants you flight.
Missiles
 b - a throwing net (quivered)
Armour
 c - a +0 buckler (worn)
 e - a +2 pair of boots (worn)
 g - a +0 helmet (worn)
 m - a +0 cloak (worn)
 n - a +0 plate armour (worn)
Jewellery
 i - the ring of Heklargh (right hand) {+Blink Dex+6}
   (You found it on level 6 of the Dungeon)

   [ring of dexterity]

   Dex:       It affects your dexterity (+6).
   +Blink:    It lets you blink.
 v - a ring of poison resistance
 w - the amulet "Myuponoh" (around neck) {RegenMP rC- Str+2 Dex+8 SInv}
   (You found it on level 4 of the Dungeon)

   [amulet of magic regeneration]

   It increases your rate of magic regeneration.
   Str:       It affects your strength (+2).
   Dex:       It affects your dexterity (+8).
   rC:        It makes you vulnerable to cold.
   SInv:      It lets you see invisible.
 G - the ring of the Serpent (left hand) {+Blink rF+ rC+ Str+2}
   (You found it on level 8 of the Dungeon)

   [ring of protection from fire]

   Str:       It affects your strength (+2).
   rF:        It protects you from fire.
   rC:        It protects you from cold.
   +Blink:    It lets you blink.
 H - a +4 ring of protection
Wands
 q - a wand of polymorph (9)
 t - a wand of digging (6)
 C - a wand of iceblast (10)
Scrolls
 f - 7 scrolls of teleportation
 l - a scroll of blinking
 p - a scroll of fear
 r - 2 scrolls of immolation
 y - a scroll of amnesia
 F - a scroll of poison {unknown}
Potions
 d - a potion of might
 h - 4 potions of curing
 j - a potion of brilliance
 k - a potion of attraction
 o - a potion of berserk rage {unknown}
 s - 2 potions of haste {unknown}
 u - a potion of magic {unknown}
 x - a potion of lignification {unknown}
 z - 2 potions of flight
 A - 3 potions of heal wounds {unknown}
 B - 2 potions of invisibility {unknown}
 E - 2 potions of degeneration {unknown}


   Skills:
 + Level 9.0 Fighting
 + Level 9.4 Axes
 + Level 8.3 Armour
 + Level 8.2 Shields


You had 9 spell levels left.
You didn't know any spells.
Your spell library contained the following spells:

 Spells                   Type           Power      Damage    Failure   Level
 Beastly Appendage        Tmut           0%         N/A       99%         1
 Freeze                   Ice            0%         1d3       99%         1
 Sting                    Tmut/Pois      0%         1d3       99%         1
 Poisonous Vapours        Pois/Air       0%         N/A       100%        2
 Wereblood                Tmut           0%         N/A       100%        2
 Frozen Ramparts          Ice            0%         1d1       100%        3
 Gell's Gravitas          Tloc           0%         N/A       100%        3
 Hailstorm                Conj/Ice       0%         3d3       100%        3
 Kindle Blastsparks       Fire/Tloc/Air  0%         2d10      100%        3
 Lesser Beckoning         Tloc           0%         N/A       100%        3
 Spider Form              Tmut/Pois      0%         N/A       100%        3
 Summon Guardian Golem    Hex/Summ       0%         N/A       100%        3
 Teleport Other           Tloc           0%         N/A       100%        3
 Airstrike                Air            0%         2d(0-16)  100%        4
 Fulminant Prism          Conj/Hex       0%         3d5       100%        4
 Iskenderun's Mystic Bla  Conj/Tloc      0%         2d3       100%        4
 Olgreb's Toxic Radiance  Pois           0%         N/A       100%        4
 Summon Lightning Spire   Summ/Air       0%         N/A       100%        4
 Lee's Rapid Deconstruct  Erth           0%         3d4*      100%        5
 Lightning Bolt           Conj/Air       0%         1d11      100%        5
 Dispersal                Tloc           0%         N/A       100%        6
 Orb of Destruction       Conj           0%         9d5       100%        7
 Spellforged Servitor     Conj/Summ      0%         N/A       100%        7


Dungeon Overview and Level Annotations

Branches:
Dungeon (8/15)             Temple (0/1) D:6
   Lair: D:8-11

Altars:
Gozag
Hepliaklqana
Xom
Zin

Shops:
D:1 !


Message History

You are too injured to fight recklessly!
You are too injured to fight recklessly!
You are too injured to fight recklessly!
You are too injured to fight recklessly!
You are too injured to fight recklessly!
A wight is nearby!
A wight is nearby!
You are too injured to fight recklessly!
Unknown command.
You are too injured to fight recklessly!
Unknown command.
You are too injured to fight recklessly!
You hit the wight but do no damage.
The wight is severely damaged.
The wight barely misses you.
You closely miss the wight.
The wight is severely damaged.
You block the wight's attack.
You closely miss the wight.
The wight is severely damaged.
The wight hits you with a +3 great sword!
You feel drained.
You closely miss the wight.
The wight is severely damaged.
The wight hits you but does no damage.
You completely miss the wight.
The wight is severely damaged.
You block the wight's attack.
You hit the wight but do no damage.
The wight easily resists.
The wight is severely damaged.
The wight hits you with a +3 great sword!
* * * LOW HITPOINT WARNING * * *
You feel drained.
You hit the wight but do no damage.
The wight is severely damaged.
The wight hits you with a +3 great sword!
* * * LOW HITPOINT WARNING * * *
The wight hits you with a +3 great sword!
You die...
Your body crumbles into a pile of gold.

#..............#..##.....# ....
#..............#.........# ....
#..............#.........# ...
#..............#.........#
#..............#..###....#
#..............######....#
#..............#.........# ....
#..............+.........#.....
#.............@#.........#.....
#.............z#.........#.....
#..............#...####'##.....
#..............#... #.........
#..............'.. #.........
........# #......... ........#
#......... ........# +.........
#....#####


You could see a wight (strong).

Vanquished Creatures
  The ghost of DeathPants the Covert, a novice VSEn (D:6)
  A hornet (D:7)
  Sigmund (D:5)
  A water moccasin (D:7)
  A sky beast (D:7)
  A black bear (D:5)
  An orc warrior (D:6)
  2 ogres
  A centaur (D:7)
  3 kobold brigands
  2 necrophages
  A bullfrog (D:7)
  5 wights (D:7)
  6 howler monkeys
  2 quasits (D:6)
  A gnoll bouda (D:5)
  3 hounds
  A jelly (D:5)
  3 orc priests
  Crazy Yiuf (D:4)
  Ijyb (D:4)
  5 iguanas
  4 orc wizards
  Natasha (D:3)
  14 gnolls
  5 adders
  A shadow imp (D:5)
  A white imp (D:7)
  2 worms (D:2)
  37 orcs
  7 ball pythons
  9 endoplasms
  5 giant cockroaches
  10 goblins
  8 hobgoblins
  2 jackals (D:1)
  7 quokkas
  8 bats
  3 frilled lizards
  21 kobolds
  4 rats
193 creatures vanquished.

Vanquished Creatures (others)
  2 plants (D:3)
2 creatures vanquished.

Grand Total: 195 creatures vanquished

Notes
Turn   | Place    | Note
-------+----------+-------------------------------------------
     0 | D:1      | p00ps00p the Hill Orc Fighter began the quest for the Orb.
     0 | D:1      | Reached XP level 1. HP: 19/19 MP: 1/1
    77 | D:1      | Reached XP level 2. HP: 13/27 MP: 2/2
   367 | D:1      | Found Leorghome's Distillery.
   381 | D:1      | Found a faded altar of an unknown god.
   482 | D:1      | Reached XP level 3. HP: 33/33 MP: 3/3
   779 | D:2      | Identified the +1 robe of the Harp {Drain rElec Will+
                  | Int+4}
  1003 | D:2      | Reached XP level 4. HP: 38/41 MP: 4/4
  1255 | D:2      | Reached XP level 5. HP: 30/47 MP: 5/5
  2035 | D:3      | Noticed Natasha
  2036 | D:3      | Found a hazy altar of Hepliaklqana.
  2039 | D:3      | Killed Natasha
  2347 | D:4      | Found a shimmering altar of Xom.
  2381 | D:4      | Noticed Ijyb
  2399 | D:4      | Killed Ijyb
  2400 | D:4      | Reached skill level 5 in Fighting
  2400 | D:4      | Reached XP level 6. HP: 56/56 MP: 6/6
  2512 | D:4      | Reached skill level 5 in Axes
  2521 | D:4      | Identified the +10 trident "Aklynou" {freeze, Int+4}
  2671 | D:4      | Identified the amulet "Myuponoh" {RegenMP rC- Str+2 Dex+8
                  | SInv}
  2867 | D:4      | Found a runed translucent door.
  2868 | D:4      | Noticed Crazy Yiuf
  3256 | D:4      | Killed Crazy Yiuf
  3295 | D:5      | Entered Level 5 of the Dungeon
  3324 | D:5      | Reached skill level 5 in Armour
  3726 | D:5      | Reached skill level 5 in Shields
  3726 | D:5      | Reached XP level 7. HP: 35/61 MP: 7/7
  4226 | D:5      | Found an opulent altar of Gozag.
  4234 | D:5      | Became a worshipper of Gozag Ym Sagoz the Greedy
  4376 | D:5      | Noticed Sigmund
  4393 | D:5      | Killed Sigmund
  4394 | D:5      | Reached XP level 8. HP: 40/71 MP: 8/8
  4712 | D:6      | Found a staircase to the Ecumenical Temple.
  5096 | D:6      | Found a glowing silver altar of Zin.
  5103 | D:6      | Found a transporter.
  5107 | D:6      | Noticed DeathPants's ghost (novice VSEn)
  5207 | D:6      | Found a transporter.
  5243 | D:6      | Killed DeathPants's ghost
  5244 | D:6      | Reached XP level 9. HP: 67/81 MP: 9/9
  5256 | D:6      | Identified the ring of Heklargh {+Blink Dex+6}
  5597 | D:7      | Noticed a hornet
  5604 | D:7      | Killed a hornet
  5990 | D:7      | Identified the +4 spear "Reovy" {elec, Fly rF++ Dex+3}
  6474 | D:8      | Reached XP level 10. HP: 83/91 MP: 10/10
  6534 | D:8      | Identified the ring of the Serpent {+Blink rF+ rC+ Str+2}
  6600 | D:8      | Slain by a wight

Illustrated notes

Levels and vault maps discovered:
D:1:      tekkud_arrival_beachfront_property, layout_basic,
          hellmonk_ecumenical_altar_zigzags, serial_shops, shop, minmay_ruptured
D:2:      layout_basic
D:3:      layout_basic, overflow_temple_1_default,
          minmay_misc_feat_four_crosses, grunt_ministairs_1,
          serial_bayou_ford_a, uniq_natasha
D:4:      layout_basic, xom_teletrap_fun, uniq_ijyb, uniq_crazy_yiuf_cottage
D:5:      layout_gridville, lemuel_crystal_altar, minmay_misc_feat_diagonals,
          uniq_sigmund
D:6:      layout_loops_cross, mainiacjoe_overflow_paths, temple_doors_e,
          gammafunk_ghost_stat_death
D:7:      layout_gridville
D:8:      layout_gridville, grunt_decor_cap, st_stairs_11,
          nicolae_elemental_shop

Skill      XL: |  1  2  3  4  5  6  7  8  9 |
---------------+----------------------------+-----
Axes           | 3 4 5 6 8 9 |  9.4
Fighting       | 4 5 6 7 9 |  9.0
Armour         | 4 5 6 7 8 |  8.3
Shields        | 4 5 6 7 8 |  8.2

Action                   |  1- 3 |  4- 6 |  7- 9 | 10-12 || total
-------------------------+-------+-------+-------+-------++-------
Melee: War axe           |   106 |   169 |   244 |    15 ||   534
  Use: Scroll            |     4 |     8 |     3 |       ||    15
       Potion            |       |     1 |     1 |       ||     2
 Stab: Distracted        |       |       |     3 |       ||     3
       Confused          |       |       |     1 |       ||     1
       Petrified         |       |       |     3 |       ||     3
Armor: Scale mail        |    50 |       |       |       ||    50
       Plate armour      |    22 |   154 |   153 |     1 ||   330
Dodge: Dodged            |    55 |    67 |    66 |     2 ||   190
Block: Buckler           |    28 |    46 |    89 |     6 ||   169

Table legend: (Time is in decaauts)
 A = Elapsed time spent in this place.
 B = Non-inter-level travel time spent in this place.
 C = Inter-level travel time spent in this place.
 D = Time resting spent in this place.
 E = Time spent auto-exploring this place.
 F = Levels seen in this place.
 G = Mean time per level.
                   A        B        C        D        E       F      G
               +--------+--------+--------+--------+--------+-----+--------+
         Total |   6746 |   6605 |    141 |    662 |   4547 |   8 |  843.2 |
       Dungeon |   6746 |   6605 |    141 |    662 |   4547 |   8 |  843.2 |
               +--------+--------+--------+--------+--------+-----+--------+

Top non-repeatable levels by time:
     D:4: 1554 daAuts
     D:5: 982 daAuts
     D:6: 951 daAuts
     D:7: 845 daAuts
     D:2: 809 daAuts
     D:1: 804 daAuts
     D:3: 598 daAuts
     D:8: 199 daAuts
